 Dungeon Crawl Stone Soup version 0.25.0-10-g039870ee82 (webtiles) character file.

Game seed: 1997998191923658351

31 Descartes the Grasshopper (level 3, -3/16 HPs)
             Began as a Felid Warper on June 23, 2020.
             Slain by a centaur (10 damage)
             ... on level 2 of the Dungeon.
             The game lasted 00:02:41 (1620 turns).

Descartes the Grasshopper (Felid Warper)            Turns: 1620, Time: 00:02:41

Health: -3/16      AC:  1    Str:  8    XL:     3   Next: 7%
Magic:  7/7        EV: 19    Int: 14    God:
Gold:   39         SH:  0    Dex: 15    Spells: 6/6 levels left
                                        Lives:  0   Deaths: 0

rFire    . . .     SeeInvis +     - Unarmed
rCold    . . .     Gourm    .   (shield unavailable)
rNeg     . . .     Faith    .   (armour unavailable)
rPois    .         Spirit   .   (helmet unavailable)
rElec    .         Reflect  .   (cloak unavailable)
rCorr    .         Harm     .   (gloves unavailable)
MR       .....                  (boots unavailable)
Stlth    +++.......             (no amulet)
HPRegen  0.05/turn              (no ring)
MPRegen  0.10/turn              (no ring)

@: quick
A: very small, no armour, no weapons or thrown items, stealth, claws 1, fangs 3,
see invisible, carnivore, speed 1, shaggy fur 1, slow metabolism 1, sharp paws
a: no special abilities


You were on level 2 of the Dungeon.
You were completely stuffed.

You visited 1 branch of the dungeon, and saw 2 of its levels.

You collected 39 gold pieces.

Inventory:

Missiles
 d - 66 stones
Scrolls
 b - a scroll of blinking
 e - 3 scrolls of identify {unknown}
 h - a scroll of remove curse {unknown}
 i - 3 scrolls of enchant armour {unknown}
Potions
 a - 2 potions of curing {unknown}
 g - 2 potions of invisibility {unknown}
Comestibles
 c - 3 rations


   Skills:
 - Level 2.0 Fighting
 + Level 3.6 Dodging
 * Level 2.4 Stealth
 * Level 2.7 Unarmed Combat
 - Level 2.0 Spellcasting
   Level 4.4 Translocations


You had 6 spell levels left.
You didn't know any spells.
Your spell library contained the following spells:

 Spells                   Type           Power        Failure   Level  Hunger
 Blink                    Tloc           N/A          6%          2    ###....
 Gell's Gravitas          Tloc           ##........   12%         3    ####...
 Lesser Beckoning         Tloc           ##........   12%         3    ####...
 Teleport Other           Tloc           ##......     12%         3    ####...
 Shroud of Golubria       Chrm/Tloc      #.....       14%         2    ###....
 Passage of Golubria      Tloc           N/A          36%         4    #####..


Dungeon Overview and Level Annotations

Branches:
Dungeon (2/15)

Altars:


Innate Abilities, Weirdness & Mutations

You cannot wear armour.
You are incapable of wielding weapons or throwing items.
Your paws allow you to move quietly. (Stealth)
You have sharp claws.
You have razor-sharp teeth.
You have supernaturally acute eyesight. (SInv)
You are carnivorous and can eat meat at any time.
You cover ground quickly.
You are covered in fur. (AC +1)
You have a slow metabolism.
Your sharp claws are effective at attacking unaware monsters.


Message History

You scratch the centaur.
The centaur is moderately wounded.
The centaur hits you! The centaur barely misses you.
You scratch the centaur but do no damage.
The centaur is moderately wounded.
The centaur hits you.
You scratch the centaur.
The centaur is moderately wounded.
The centaur misses you. The centaur barely misses you.
You scratch the centaur but do no damage.
The centaur is moderately wounded.
The centaur barely misses you.
You barely miss the centaur.
The centaur is moderately wounded.
The centaur closely misses you.
You scratch the centaur but do no damage.
The centaur is moderately wounded.
The centaur completely misses you. The centaur hits you!
Ouch! That really hurt!
You die...

.. #...###.#
........## .........
.......### ........
###########....#####
#.....)...#....w@c.#
#.#######.#.#.)#####
#.........#$...###
.........###.....#
.<.......'.....#..((
.........###..#####≈≈
########## ##.# g
.... ....#


You could see a centaur and a dart slug.

Vanquished Creatures
  2 dart slugs (D:1)
  2 bats (D:1)
  2 giant cockroaches (D:1)
  6 goblins (D:1)
  3 hobgoblins
  2 ball pythons (D:1)
  A frilled lizard (D:1)
  5 kobolds (D:1)
  3 rats (D:1)
26 creatures vanquished.

Vanquished Creatures (others)
  A rat (D:1)
1 creature vanquished.

Grand Total: 27 creatures vanquished

Notes
Turn   | Place    | Note
-------+----------+-------------------------------------------
     0 | D:1      | Descartes the Felid Warper began the quest for the Orb.
     0 | D:1      | Reached XP level 1. HP: 9/9 MP: 4/4
   182 | D:1      | Reached skill level 1 in Stealth
   442 | D:1      | Reached XP level 2. HP: 3/13 MP: 6/6
  1271 | D:1      | Reached XP level 3. HP: 16/16 MP: 7/7
  1609 | D:2      | Noticed a centaur
  1620 | D:2      | Slain by a centaur

Illustrated notes

Levels and vault maps discovered:
D:1:      matt_arrival_grand_opening, layout_basic
D:2:      layout_basic, trog_hazing_becter

Skill      XL: |  1  2 |
---------------+-------+-----
Stealth        | 1 2 |  2.4
Fighting       | |  2.0
Dodging        | |  3.6
Unarmed Combat | |  2.7
Spellcasting   | |  2.0
Translocations | |  4.4

Action                   || total
-------------------------++-------
Melee: Unarmed           ||    77
       Bite              ||     8
       Punch             ||     1
 Stab: Sleeping          ||     3
  Eat: Chunk             ||     9
Armor: Skin              ||     4
Dodge: Dodged            ||    73
